 Dungeon Crawl Stone Soup version 0.24.0-13-gcf9b319 (webtiles) character file.

Game seed: 9811114004615336761, levelgen mode: deterministic

67 Fortress the Conjurer (level 3, -12/26 HPs)
             Began as a Draconian Conjurer on Jan 8, 2020.
             Killed by divine providence
             ... invoked by an orc priest
              (16 damage)
             ... on level 3 of the Dungeon.
             The game lasted 00:08:14 (2173 turns).

Fortress the Conjurer (Draconian Conjurer)          Turns: 2173, Time: 00:08:15

Health: -12/26     AC:  5    Str: 10    XL:     3   Next: 98%
Magic:  4/6        EV: 12    Int: 16    God:
Gold:   146        SH:  0    Dex: 11    Spells: 6/7 levels left

rFire    . . .     SeeInvis .   k - +2 spear (freeze)
rCold    . . .     Gourm    .   (no shield)
rNeg     . . .     Faith    .   (armour unavailable)
rPois    .         Spirit   .   (helmet restricted)
rElec    .         Reflect  .   (no cloak)
rCorr    .         Harm     .   (no gloves)
MR       .....                  (no boots)
Stlth    ++........             n - amulet of rage
HPRegen  0.08/turn              (no ring)
MPRegen  0.10/turn              (no ring)

@: no status effects
A: unfitting armour, cold-blooded, AC +5
a: Evoke Berserk Rage


You were on level 3 of the Dungeon.
You were not hungry.

You visited 1 branch of the dungeon, and saw 3 of its levels.

You collected 146 gold pieces.

Inventory:

Hand Weapons
 c - a +0 short sword
 k - a +2 spear of freezing (weapon)
 m - a +0 falchion of slicing
Jewellery
 n - an amulet of rage (around neck)
Scrolls
 f - a scroll of teleportation
 g - a scroll of immolation
 h - a scroll of identify
 l - a scroll of remove curse {unknown}
Potions
 a - 2 potions of haste
 d - 2 potions of curing
 e - 2 potions of heal wounds {unknown}
 i - a potion of ambrosia {unknown}
 j - a potion of agility {unknown}
Comestibles
 b - 3 rations


   Skills:
 - Level 0.1 Short Blades
 - Level 2.0 Dodging
 - Level 2.0 Stealth
 + Level 2.5 Spellcasting
 + Level 5.1 Conjurations


You had 6 spell levels left.
You knew the following spells:

 Your Spells              Type           Power        Failure   Level  Hunger
a - Magic Dart            Conj           ###.         2%          1    #......

Your spell library contained the following spells:

 Spells                   Type           Power        Failure   Level  Hunger
 Searing Ray              Conj           ###...       3%          2    ##.....
 Dazzling Spray           Conj/Hex       ##....       21%         3    ###....
 Iskenderun's Mystic Bla  Conj           ###.....     24%         4    #####..
 Force Lance              Conj/Tloc      ##......     56%         4    #####..
 Fulminant Prism          Conj/Hex       ##........   56%         4    #####..


Dungeon Overview and Level Annotations

Branches:
Dungeon (3/15)

Altars:
Ashenzari
Nemelex Xobeh

Annotations:
D:3 Sigmund


Innate Abilities, Weirdness & Mutations

Your plain brown scales are hard. (AC +5)
You cannot fit into any form of body armour.
You are cold-blooded and may be slowed by cold attacks.


Message History

Press: ? - help, Shift-Dir - straight line, f - orc
Aim: an orc, wielding a +0 dagger and wearing a +0 leather armour The magic dart hits the orc but does no damage.
Casting: Magic Dart (safe; 2% risk of failure)
Confirm with . or Enter, or press ? or * to list all spells.
Aiming: Magic Dart (safe; 2% risk of failure)
Press: ? - help, Shift-Dir - straight line, f/p - orc
Aim: an orc, wielding a +0 dagger and wearing a +0 leather armour The magic dart hits the orc but does no damage.
The orc priest calls down the wrath of Beogh upon you.
Beogh smites you!
Ouch! That really hurt!
* * * LOW HITPOINT WARNING * * *
The orc hits you but does no damage.
You feel better. The orc hits you with a +0 dagger.
* * * LOW HITPOINT WARNING * * *
The orc priest invokes the aid of Beogh against you.
Beogh smites you!
Ouch! That really hurt!
You die...

###.# #.# #.# #.# #.######
#.# #......# #.#
#......####.###
#########..............
#.....##(......########
#####.................# #
..........@#.....####.#
#####.....o##.#..# ##
#####......##.#..###...##
........##o##............ #
##########.####..###.$.###.
#o# #..# ?.@.. #)# #... ...
#.# ##.## #.# #.#


You could see an orc priest and 2 orcs.

Vanquished Creatures
  An adder (D:2)
  2 worms
  3 dart slugs (D:1)
  A leopard gecko (D:2)
  2 orcs (D:3)
  2 bats
  5 giant cockroaches
  2 goblins
  4 hobgoblins
  3 jackals (D:2)
  4 kobolds (D:1)
  A quokka (D:3)
  A ball python (D:2)
  5 frilled lizards
  6 rats (D:1)
42 creatures vanquished.

Notes
Turn   | Place    | Note
-------+----------+-------------------------------------------
     0 | D:1      | Fortress the Draconian Conjurer began the quest for the
                  | Orb.
     0 | D:1      | Reached XP level 1. HP: 14/14 MP: 3/3
    76 | D:1      | Reached XP level 2. HP: 18/20 MP: 0/5
   157 | D:1      | Found a sparkling altar of Nemelex Xobeh.
  1032 | D:2      | Reached XP level 3. HP: 26/26 MP: 3/6
  1338 | D:2      | Found a shattered altar of Ashenzari.
  1858 | D:3      | Reached skill level 5 in Conjurations
  2128 | D:3      | Noticed Sigmund
  2173 | D:3      | Killed from afar by an orc priest

Levels and vault maps discovered:
D:1:      minmay_arrival_hallway, layout_basic, nemelex_diamond_rough_becter
D:2:      layout_loops_ring, evilmike_ruin_ashenzari, grunt_decor_one_mirror,
          minmay_3d_cube
D:3:      layout_loops_ring, uniq_sigmund

Skill      XL: |  1  2  3 |
---------------+----------+-----
Dodging        | 2 |  2.0
Stealth        | 2 |  2.0
Conjurations   | 5 |  5.1
Short Blades   | |  0.1
Spellcasting   | |  2.5

Action                   || total
-------------------------++-------
Melee: Short sword       ||    31
       Tailslap          ||     1
       Falchion          ||     6
       Spear             ||     3
 Cast: Magic Dart        ||    73
  Use: Scroll            ||     8
       Potion            ||     1
  Eat: Chunk             ||     2
       Ration            ||     1
Armor: Skin              ||    19
Dodge: Dodged            ||    32
